 Dungeon Crawl Stone Soup version 0.26-a0-710-g95a0c6c400 (webtiles) character file.

Game seed: 461080748974032588

401 Glokmah the Charlatan (level 6, -2/46 HPs)
             Began as a Deep Dwarf Artificer on Oct 30, 2020.
             Was a Follower of Hepliaklqana.
             Slain by a gnoll (3 damage)
             ... on level 4 of the Dungeon.
             The game lasted 00:15:13 (2416 turns).

Glokmah the Charlatan (Deep Dwarf Artificer)        Turns: 2416, Time: 00:15:14

Health: -2/46      AC: 11    Str: 17    XL:     6   Next: 54%
Magic:  6/6        EV: 12    Int: 12    God:    Hepliaklqana [*.....]
Gold:   206        SH:  0    Dex: 13    Spells: 5/5 levels left

rFire    . . .     SeeInvis .   a - +1 mace
rCold    . . .     Faith    .   (no shield)
rNeg     . . .     Spirit   .   p - +1 ring mail
rPois    +         Reflect  .   (no helmet)
rElec    .         Harm     .   (no cloak)
rCorr    .         Rampage  .   A - +0 pair of gloves
MR       .....                  (no boots)
Stlth    ++........             (no amulet)
HPRegen  0.00/turn              f - +4 ring of protection
MPRegen  0.10/turn              r - ring of poison resistance

@: lethally poisoned (-2 -> -2), non-regenerating
A: damage resistance, heal wounds, reduced essence, sense surroundings 1, no
regeneration
a: Heal Wounds, Recall Ancestor, Ancestor Identity, Renounce Religion


You were on level 4 of the Dungeon.
You worshipped Hepliaklqana.
Hepliaklqana was aware of your devotion.
You visited 1 branch of the dungeon, and saw 4 of its levels.

You collected 206 gold pieces.

Inventory:

Hand Weapons
 a - a +1 mace (weapon)
Missiles
 l - 61 arrows
 q - 80 stones (quivered)
 t - 41 bolts
Armour
 b - a +0 leather armour
 p - a +1 ring mail (worn)
 A - a +0 pair of gloves (worn)
 B - a +0 plate armour
Jewellery
 f - a +4 ring of protection (left hand)
 k - an uncursed ring of ice
 r - a ring of poison resistance (right hand)
Wands
 c - a wand of flame (20)
 d - a wand of enslavement (7)
 e - a wand of random effects (11)
Scrolls
 g - 4 scrolls of enchant weapon
 i - 2 scrolls of remove curse
 m - 2 scrolls of enchant armour
 v - a scroll of noise
 y - 2 scrolls of teleportation
Potions
 h - a potion of might {unknown}
 j - 2 potions of stabbing
 o - 2 potions of curing
 s - 2 potions of cancellation
 w - a potion of flight {unknown}
 x - a potion of lignification
 D - a potion of ambrosia


   Skills:
 + Level 2.2 Fighting
 + Level 3.3 Armour
 + Level 2.6 Dodging
 * Level 4.5 Stealth
 + Level 2.1 Invocations
 * Level 6.1 Evocations


You had 5 spell levels left.
You didn't know any spells.
Your spell library contained the following spells:

 Spells                   Type           Power        Failure   Level
 Foxfire                  Conj/Fire      #...         52%         1
 Conjure Flame            Conj/Fire      #.......     87%         3
 Inner Flame              Hex/Fire       #.......     87%         3
 Sticky Flame             Conj/Fire      #.......     99%         4
 Fireball                 Conj/Fire      #.........   100%        5


Dungeon Overview and Level Annotations

Branches:
Dungeon (4/15)
 Temple: D:4-7

Altars:
Hepliaklqana
Trog


Innate Abilities, Weirdness & Mutations

You are resistant to damage.
You can heal yourself by infusing magical energy.
You passively map a small area around you.
You do not regenerate.
Your life essence is reduced to manifest your ancestor. (-10% HP)


Message History

The howler monkey hits you. The gnoll hits you.
* * * LOW HITPOINT WARNING * * *
The howler monkey hits you.
* * * LOW HITPOINT WARNING * * *
You hit the howler monkey.
The howler monkey is severely wounded.
The gnoll hits you but does no damage.
The howler monkey hoots and howls with incredible vigour!
You hear a bark!
You hit the howler monkey.
The howler monkey is severely wounded.
The howler monkey closely misses you. The gnoll hits you but does no damage.
The howler monkey hits you. The gnoll hits you but does no damage.
You sock the howler monkey!
You kill the howler monkey!
The gnoll hits you!
* * * LOW HITPOINT WARNING * * *
You see here a howler monkey corpse.
You closely miss the gnoll. The gnoll hits you.
You die...

.,
#............## .
*,
#...#........## .
* *
...#.........# #
, ..#.........##
,..............##
,
..##...........#
, # ##.........##
, * ,
##......##.# , ,
###...@g###*##
......##g### , ,
......##)##### ,
.......'_'...###
,
......##'##.....#
*
......##.###.>..#
*,
......##........#
,,,
...###*#.....####
,, , . , ......#


You could see 2 gnolls.

Vanquished Creatures
  A howler monkey (D:4)
  An orc wizard (D:2)
  Jessica (D:3)
  A worker ant (D:4)
  A gnoll (D:4)
  3 adders
  4 worms (D:2)
  5 leopard geckos
  An orc (D:4)
  10 bats
  11 giant cockroaches
  6 goblins
  7 hobgoblins
  4 jackals
  4 kobolds
  A quokka (D:2)
  A ball python (D:2)
  4 frilled lizards
  10 rats
76 creatures vanquished.

Vanquished Creatures (collateral kills)
  A sky beast (D:3)
  An iguana (D:4)
  2 adders
  A dart slug (D:3)
  2 leopard geckos
  5 orcs
  2 giant cockroaches
  4 goblins
  A hobgoblin (D:3)
  A jackal (D:3)
  A quokka (D:3)
  A frilled lizard (D:2)
  A kobold (D:3)
  2 rats (D:3)
25 creatures vanquished.

Vanquished Creatures (others)
  A gnoll (D:4)
  An ancestor (D:4)
2 creatures vanquished.

Grand Total: 103 creatures vanquished

Notes
Turn   | Place    | Note
-------+----------+-------------------------------------------
     0 | D:1      | Glokmah the Deep Dwarf Artificer began the quest for the
                  | Orb.
     0 | D:1      | Reached XP level 1. HP: 16/16 MP: 1/1
    70 | D:1      | Reached skill level 1 in Fighting
   132 | D:1      | Reached XP level 2. HP: 25/25 MP: 2/2
   420 | D:1      | Reached XP level 3. HP: 24/31 MP: 3/3
   868 | D:2      | Reached skill level 5 in Evocations
   878 | D:2      | Reached XP level 4. HP: 21/38 MP: 4/4
  1033 | D:2      | Found a hazy altar of Hepliaklqana.
  1059 | D:2      | Became a worshipper of Hepliaklqana the Forgotten
  1130 | D:2      | Found a faded altar of an unknown god.
  1439 | D:3      | Noticed a sky beast
  1689 | D:3      | Reached XP level 5. HP: 37/40 MP: 4/4
  1692 | D:3      | Killed a sky beast
  1692 | D:3      | Reached skill level 1 in Invocations
  1938 | D:3      | Noticed Jessica
  1982 | D:3      | Killed Jessica
  2113 | D:4      | Reached * piety under Hepliaklqana
  2118 | D:4      | Reached XP level 6. HP: 30/46 MP: 6/6
  2367 | D:4      | Found a bloodstained altar of Trog.
  2400 | D:4      | Reached skill level 6 in Evocations
  2414 | D:4      | HP: 1/46 [gnoll (6)]
  2416 | D:4      | Slain by a gnoll

Illustrated notes

Levels and vault maps discovered:
D:1:      lightli_arrival_flooded_house, layout_rooms
D:2:      layout_rooms, lemuel_coloured_pillars_altar,
          chequers_ecumenical_altar_island, minivault_23
D:3:      layout_rooms, kennysheep_jessica_study
D:4:      layout_cave_pools, kennysheep_mini_moat, serial_column_ruins,
          column_ruins_open_tiny, column_ruins_corridor_straight,
          column_ruins_columns_water, column_ruins_grid_2, st_stairs_12

Skill      XL: |  1  2  3  4  5  6 |
---------------+-------------------+-----
Fighting       | 1 2 |  2.2
Stealth        | 2 3 4 |  4.5
Evocations     | 5 6 |  6.1
Dodging        | 2 |  2.6
Armour         | 3 |  3.3
Invocations    | 1 2 |  2.1

Action                   |  1- 3 |  4- 6 || total
-------------------------+-------+-------++-------
Melee: Club              |    26 |       ||    26
       Mace              |    83 |   145 ||   228
Invok: Recall Ancestor   |       |     2 ||     2
 Abil: Heal Wounds       |       |     1 ||     1
Evoke: Wand              |     9 |    22 ||    31
  Use: Scroll            |     7 |     8 ||    15
 Stab: Sleeping          |     2 |     5 ||     7
       Distracted        |       |     1 ||     1
Armor: Leather armour    |    71 |       ||    71
       Ring mail         |    16 |    91 ||   107
Dodge: Dodged            |   110 |   117 ||   227

Table legend: (Time is in decaauts)
 A = Elapsed time spent in this place.
 B = Non-inter-level travel time spent in this place.
 C = Inter-level travel time spent in this place.
 D = Time resting spent in this place.
 E = Time spent auto-exploring this place.
 F = Levels seen in this place.
 G = Mean time per level.
                   A        B        C        D        E       F      G
               +--------+--------+--------+--------+--------+-----+--------+
         Total |   2528 |   2194 |    334 |    217 |    439 |   4 |  632.0 |
       Dungeon |   2528 |   2194 |    334 |    217 |    439 |   4 |  632.0 |
               +--------+--------+--------+--------+--------+-----+--------+

Top non-repeatable levels by time:
     D:2: 880 daAuts
     D:3: 838 daAuts
     D:1: 643 daAuts
     D:4: 165 daAuts
